 Dungeon Crawl Stone Soup version 0.21.1-1-g345015f (webtiles) character file.

48 inc the Scratcher (level 3, -1/17 HPs)
             Began as a Felid Chaos Knight on Feb 23, 2018.
             Slain by a white imp (5 damage)
             ... summoned by Natasha
             ... on level 2 of the Dungeon.
             The game lasted 00:02:25 (1221 turns).

inc the Scratcher (Felid Chaos Knight)              Turns: 1221, Time: 00:02:27

Health: -1/17      AC:  1    Str:  8    XL:     3   Next: 50%
Magic:  4/4        EV: 18    Int: 14    God:    Xom [..*...]
Gold:   34         SH:  0    Dex: 15    Spells: 2/2 levels left
                                        Lives:  0   Deaths: 0

rFire    . . .     SeeInvis +     - Unarmed
rCold    . . .     Gourm    .   (shield unavailable)
rNeg     . . .     Faith    .   (armour unavailable)
rPois    .         Spirit   .   (helmet unavailable)
rElec    .         Reflect  .   (cloak unavailable)
rCorr    .         Harm     .   (gloves unavailable)
MR       .....                  (boots unavailable)
Stlth    ++........             (no amulet)
HPRegen  0.05/turn              h - ring of wizardry (curse)
MPRegen  0.09/turn              (no ring)

@: slowed, slow
A: very small, no armour, no weapons or thrown items, stealth, claws 1, fangs 3,
see invisible, carnivore, speed 1, shaggy fur 1, slow metabolism 1, sharp paws
a: Renounce Religion


You were on level 2 of the Dungeon.
You worshipped Xom.
You were a toy of Xom.
You were full.

You visited 1 branch of the dungeon, and saw 2 of its levels.

You collected 34 gold pieces.

Inventory:

Jewellery
 h - a cursed ring of wizardry (left paw)
Scrolls
 b - a scroll of enchant armour {unknown}
 c - 2 scrolls of identify {unknown}
 f - 2 scrolls of magic mapping {unknown}
 g - a scroll of fear {unknown}
 i - a scroll of amnesia {unknown}
 j - a scroll of random uselessness {unknown}
Potions
 d - 2 potions of lignification {unknown}
 e - a potion of resistance {unknown}
Comestibles
 a - 6 rations


   Skills:
 - Level 3.0 Fighting
 - Level 3.2 Dodging
 + Level 4.6 Unarmed Combat


You had 2 spell levels left.
You didn't know any spells.

Dungeon Overview and Level Annotations

Branches:
Dungeon (2/15)

Altars:

Annotations:
D:2 Natasha


Innate Abilities, Weirdness & Mutations

You cannot wear armour.
You are incapable of wielding weapons or throwing items.
Your paws allow you to move quietly. (Stealth)
You have sharp claws.
You have razor-sharp teeth.
You have supernaturally acute eyesight. (SInv)
You are carnivorous and can eat meat at any time.
You cover ground quickly.
You are covered in fur. (AC +1)
You have a slow metabolism.
Your sharp claws are effective at attacking unaware monsters.


Message History

Natasha stares at you and mumbles some strange words.
You feel yourself slow down.
You closely miss Natasha. Natasha claws you.
Natasha casts a spell.
You barely miss Natasha. Natasha completely misses you.
You scratch Natasha.
Natasha is lightly wounded.
Natasha mumbles some strange words.
You scratch Natasha.
Natasha is heavily wounded.
Natasha completely misses you. The iron imp closely misses you.
The white imp gestures at you. The puff of frost hits you!
Natasha barely misses you.
You closely miss Natasha.
Natasha is heavily wounded.
The white imp hits you.
* * * LOW HITPOINT WARNING * * *
The white imp freezes you.
You die...
Xom thinks this is hilarious!

# ##..# #.............
###.#.###.....†........
.#............#.##.#.. #
#..##.##...#......... .#
##.##.##........##......
#.##.......†..###.#....
##.#####.##.#..# .......
...#####.##.#..##5......
##.............5@hl.....
##..........#####.......
.....######## .######
##.### .. ##.# ..# ...#
... #### .... ....


You could see an iron imp, Natasha, a white imp and a leopard gecko.

Vanquished Creatures
  2 adders (D:2)
  A dart slug (D:2)
  A leopard gecko (D:1)
  A giant cockroach (D:1)
  4 hobgoblins
  A ball python (D:1)
  2 bats (D:1)
  3 frilled lizards
  5 goblins (D:1)
  7 kobolds
  3 rats (D:1)
30 creatures vanquished.

Notes
Turn   | Place    | Note
-------+----------+-------------------------------------------
     0 | D:1      | inc the Felid Chaos Knight began the quest for the Orb.
     0 | D:1      | Reached XP level 1. HP: 10/10 MP: 2/2
   236 | D:1      | Reached XP level 2. HP: 14/14 MP: 3/3
   509 | D:1      | Reached skill level 4 in Unarmed Combat
   540 | D:1      | XOM: smoke on damage
   774 | D:1      | XOM: silly message
   830 | D:2      | Reached XP level 3. HP: 16/17 MP: 4/4
  1210 | D:2      | Noticed Natasha
  1221 | D:2      | Slain by a white imp

Skill      XL: |  1  2 |
---------------+-------+-----
Unarmed Combat | 4 |  4.6
Fighting       | |  3.0
Dodging        | |  3.2

Action                   || total
-------------------------++-------
Melee: Unarmed           ||    91
       Bite              ||     9
       Punch             ||     2
 Stab: Sleeping          ||     6
  Eat: Chunk             ||     4
Armor: Skin              ||     6
Dodge: Dodged            ||    71
